 Dungeon Crawl Stone Soup version 0.31-a0-345-g1ebeae05c6 (webtiles) character file.

Game seed: 1251478054997095138

2984 zazu2006 the Thaumaturge (level 9, -4/66 HPs)
             Began as a Gnoll Wanderer on July 22, 2023.
             Slain by a yak (13 damage)
             ... on level 8 of the Dungeon.
             The game lasted 00:22:20 (9555 turns).

zazu2006 the Thaumaturge (Gnoll Wanderer)           Turns: 9555, Time: 00:22:20

Health: -4/66      AC:  5    Str: 13    XL:     9   Next: 83%
Magic:  21/21      EV: 12    Int: 16    God:
Gold:   446        SH:  4    Dex:  6    Spells: 16/25 levels left

rFire   + + +        T - +3 short sword of Anger {venom, Fragile rF+++ rN+ Will+ Dex-4}
rCold   . . .        d - +0 buckler
rNeg    + . .        c - +0 robe
rPois   +            (no helmet)
rElec   .            O - +1 cloak {rPois}
rCorr   .            (no gloves)
SInv    .            n - +0 pair of boots
Will    +....        e - amulet of magic regeneration
Stlth   ++           j - ring of flight
HPRegen 0.31/turn    P - ring of wizardry
MPRegen 0.57/turn

%: wizardry (x1)
@: about to teleport, flying
A: fangs 1, strong nose, distributed training
a: no special abilities


You were on level 8 of the Dungeon.
You visited 1 branch of the dungeon, and saw 8 of its levels.
You also visited: Sewer.

You collected 446 gold pieces.

Inventory:

Hand Weapons
 a - a +0 dagger
 H - the +2 whip of Zago {flame, rF- Will++}
   (You found it on level 4 of the Dungeon)

   rF:        It makes you vulnerable to fire.
   Will:      It greatly increases your willpower.
 L - a +2 hand axe of flaming
 N - the +2 falchion "Hymat" {heavy, Fly rElec Stlth-}
   (You found it on level 7 of the Dungeon)

   rElec:     It insulates you from electricity.
   Fly:       It grants you flight.
   Stlth:     It makes you less stealthy.
 T - the +3 short sword of Anger (weapon) {venom, Fragile rF+++ rN+ Will+ Dex-4}
   (You found it on level 8 of the Dungeon)

   Dex:       It affects your dexterity (-4).
   rF:        It renders you almost immune to fire.
   rN:        It protects you from negative energy.
   Fragile:   It will be destroyed if unequipped.
   Will:      It increases your willpower.
Missiles
 u - 10 poisoned darts
 Q - a throwing net
Armour
 c - a +0 robe (worn)
 d - a +0 buckler (worn)
 n - a +0 pair of boots (worn)
 O - a +1 cloak of poison resistance (worn)
Magical Staves
 p - a staff of air
Jewellery
 e - an amulet of magic regeneration (around neck)
 j - a ring of flight (left hand)
 o - an amulet of reflection
 P - a ring of wizardry (right hand)
 S - a ring of protection from cold
Wands
 E - a wand of mindburst (7)
 R - a wand of acid (10)
Scrolls
 f - 6 scrolls of teleportation
 g - 3 scrolls of enchant armour {unknown}
 q - a scroll of summoning {unknown}
 r - 3 scrolls of identify {unknown}
 s - 2 scrolls of noise
 t - 2 scrolls of amnesia {unknown}
 x - 2 scrolls of immolation {unknown}
 y - 4 scrolls of fog {unknown}
 A - a scroll of fear {unknown}
 F - 2 scrolls of poison {unknown}
 G - 2 scrolls of enchant weapon {unknown}
 I - a scroll of vulnerability {unknown}
 K - a scroll of acquirement {unknown}
 M - 2 scrolls of revelation {unknown}
Potions
 b - 3 potions of lignification
 h - a potion of degeneration {unknown}
 i - 3 potions of berserk rage {unknown}
 k - 4 potions of curing {unknown}
 l - a potion of attraction {unknown}
 m - 2 potions of mutation {unknown}
 v - a potion of heal wounds {unknown}
 w - a potion of brilliance {unknown}
 z - a potion of might {unknown}
 B - a potion of magic {unknown}
 D - a potion of haste {unknown}
 J - a potion of resistance {unknown}
 U - a potion of enlightenment {unknown}
Miscellaneous
 C - a piece from Xom's chessboard (15/15)


   Skills:
 + Level 4.7 Fighting
 + Level 4.7 Short Blades
 + Level 4.7 Long Blades
 + Level 4.7 Axes
 + Level 4.7 Maces & Flails
 + Level 4.7 Polearms
 + Level 4.7 Staves
 + Level 4.7 Ranged Weapons
 + Level 4.7 Throwing
 + Level 4.7 Armour
 + Level 4.7 Dodging
 + Level 4.7 Stealth
 + Level 5.4 Shields
 + Level 4.7 Unarmed Combat
 + Level 8.6 Spellcasting
 + Level 3.9 Conjurations
 + Level 3.9 Hexes
 + Level 6.8 Summonings
 + Level 3.9 Necromancy
 + Level 3.9 Translocations
 + Level 3.9 Transmutations
 + Level 3.9 Fire Magic
 + Level 5.5 Ice Magic
 + Level 3.9 Air Magic
 + Level 3.9 Earth Magic
 + Level 3.9 Poison Magic
 + Level 5.2 Invocations
 + Level 5.4 Evocations
 + Level 3.9 Shapeshifting


You had 16 spell levels left.
You knew the following spells:

 Your Spells              Type           Power      Damage    Failure   Level
a - Magic Dart            Conj           76%        1d6       1%          1
b - Freeze                Ice            96%        1d10      1%          1
c - Dazzling Flash        Conj/Hex       38%        N/A       3%          3
d - Sticky Flame          Conj/Fire      19%        2d4       12%         4

Your spell library contained the following spells:

 Spells                   Type           Power      Damage    Failure   Level
 Apportation              Tloc           38%        N/A       1%          1
 Necrotise                Necr           76%        1d7       1%          1
 Slow                     Hex            76%        N/A       1%          1
 Summon Small Mammal      Summ           100%       N/A       1%          1
 Searing Ray              Conj           38%        2d5       1%          2
 Summon Guardian Golem    Hex/Summ       24%        N/A       1%          3
 Hailstorm                Conj/Ice       22%        3d7       2%          3
 Confusing Touch          Hex            19%        N/A       3%          3
 Ignite Poison            Fire/Tmut/Pois 19%        N/A       3%          3
 Vampiric Draining        Necr           19%        2d7       3%          3
 Volatile Blastmotes      Fire/Tloc      38%        2d13      3%          3
 Summon Ice Beast         Ice/Summ       26%        N/A       4%          4
 Fulminant Prism          Conj/Hex       9%         3d7       12%         4
 Starburst                Conj/Fire      9%         6d5       83%         6
 Ignition                 Fire           9%         3d5       100%        8
 Maxwell's Capacitive Co  Air            9%         ∞         100%        8


Dungeon Overview and Level Annotations

Branches:
Dungeon (8/15)               Lair (0/5) D:8           Sewer (visited)
 Temple: D:4-7

Altars:
Elyvilon
Nemelex Xobeh
Qazlal
Wu Jian
Xom
The Shining One


Innate Abilities, Weirdness & Mutations

You have very sharp teeth.
Your uncanny sense of smell can sniff out nearby items.
Your experience applies equally to all skills.


Message History

The yak is severely wounded.
The yak barely misses you.
You hit the yak.
The yak looks as sick as possible!
Your bite misses the yak.
The yak is almost dead.
You hit the yak.
The yak looks as sick as possible!
You bite the yak.
You kill the yak!
You barely miss the yak. You block the yak's attack.
You hit the yak but do no damage.
The yak is poisoned.
Your bite misses the yak. The yak misses you.
You hit the yak but do no damage.
The yak looks as sick as possible!
You hit the yak.
The yak is lightly wounded.
You block the yak's attack.
You hit the yak but do no damage.
The yak is lightly wounded.
The yak gores you.
You hit the yak.
The yak looks as sick as possible!
The yak is lightly wounded.
The yak gores you.
You hit the yak.
The yak looks as sick as possible!
The yak is moderately wounded.
The yak gores you.
You barely miss the yak. You bite the yak, but do no damage.
The yak is moderately wounded.
You hit the yak.
The yak looks as sick as possible!
The yak is moderately wounded.
The yak gores you but does no damage. The yak attacks as you move away!
The yak gores you!
You hit the yak.
The yak is heavily wounded.
The yak gores you!
* * * LOW HITPOINT WARNING * * *
As you read the scroll of teleportation, it crumbles to dust.
You feel strangely unstable. The yak gores you!
* * * LOW HITPOINT WARNING * * *
You hit the yak.
The yak looks as sick as possible!
You bite the yak, but do no damage.
The yak is severely wounded.
The yak gores you!
You die... ###.#####.## #.# ##########.# .........).# ######.#.## #.#.# ### #.#.# ..# #.#.########.# #o. #.#..@YYYYY..# #oo

#.##########.# #h#
##.<. #.# #.# ...#
#.# #.# #### #.# #)#
∆ #.# #.# #### #.#
### #.#
.....##.#########.##
#.#
#.............#.##
#.#


You could see 5 yaks.

Vanquished Creatures
  A yak (D:8)
  A steam dragon (D:6)
  4 water moccasins
  An ice beast (D:6)
  A black bear (D:6)
  2 sky beasts (D:7)
  4 ogres
  A phantom (D:5)
  Blork the orc (D:6)
  2 bullfrogs (D:7)
  A gnoll sergeant (D:6)
  4 scorpions
  3 hounds
  2 jellies
  Crazy Yiuf (D:2)
  5 orc priests
  2 gnoll boudas
  Ijyb (D:3)
  Jessica (D:3)
  A sleepcap (D:7)
  An iguana (D:5)
  7 orc wizards
  12 adders
  8 gnolls
  2 river rats (Sewer)
  2 shadow imps
  A white imp (D:7)
  3 worms
  5 dart slugs
  14 orcs
  3 bats
  7 endoplasms
  5 giant cockroaches
  8 goblins
  9 hobgoblins
  4 jackals (D:4)
  5 kobolds
  11 quokkas
  5 ball pythons
  10 frilled lizards
  14 rats
  2 butterflies (D:3)
177 creatures vanquished.

Vanquished Creatures (others)
  A quokka (D:7)
1 creature vanquished.

Grand Total: 178 creatures vanquished

Notes
Turn   | Place    | Note
-------+----------+-------------------------------------------
     0 | D:1      | zazu2006 the Gnoll Wanderer began the quest for the Orb.
     0 | D:1      | zazu2006 set off with the following items: a +0 dagger, a
                  | potion of lignification, a +0 robe, a +0 buckler; and the
                  | following spells available to memorise: Summon Small
                  | Mammal, Freeze, Summon Guardian Golem, Hailstorm, Summon
                  | Ice Beast.
     0 | D:1      | Reached XP level 1. HP: 13/13 MP: 8/8
    71 | D:1      | Found a faded altar of an unknown god.
   105 | D:1      | Learned a level 1 spell: Freeze
   122 | D:1      | Reached XP level 2. HP: 15/19 MP: 8/10
   383 | D:1      | Reached XP level 3. HP: 25/25 MP: 9/11
   725 | D:2      | Reached skill level 1 in Invocations
   765 | D:2      | Reached skill level 1 in Fighting
   765 | D:2      | Reached skill level 1 in Short Blades
   765 | D:2      | Reached skill level 1 in Long Blades
   765 | D:2      | Reached skill level 1 in Axes
   765 | D:2      | Reached skill level 1 in Maces & Flails
   765 | D:2      | Reached skill level 1 in Polearms
   765 | D:2      | Reached skill level 1 in Staves
   765 | D:2      | Reached skill level 1 in Ranged Weapons
   765 | D:2      | Reached skill level 1 in Throwing
   765 | D:2      | Reached skill level 1 in Armour
   765 | D:2      | Reached skill level 1 in Dodging
   765 | D:2      | Reached skill level 1 in Stealth
   765 | D:2      | Reached skill level 1 in Unarmed Combat
   857 | D:2      | Reached XP level 4. HP: 29/32 MP: 11/13
   857 | D:2      | Noticed a scorpion
  1141 | D:2      | Reached skill level 1 in Conjurations
  1141 | D:2      | Reached skill level 1 in Hexes
  1141 | D:2      | Reached skill level 1 in Necromancy
  1141 | D:2      | Reached skill level 1 in Translocations
  1141 | D:2      | Reached skill level 1 in Transmutations
  1141 | D:2      | Reached skill level 1 in Fire Magic
  1141 | D:2      | Reached skill level 1 in Air Magic
  1141 | D:2      | Reached skill level 1 in Earth Magic
  1141 | D:2      | Reached skill level 1 in Poison Magic
  1141 | D:2      | Reached skill level 1 in Shapeshifting
  1209 | D:2      | Found a shimmering altar of Xom.
  1330 | D:2      | Found a runed translucent door.
  1331 | D:2      | Noticed Crazy Yiuf
  1379 | D:2      | Killed a scorpion
  1380 | D:2      | Reached XP level 5. HP: 15/37 MP: 10/14
  1928 | D:3      | Noticed Jessica
  1933 | D:3      | Killed Jessica
  2017 | D:3      | Found an ornate altar of the Wu Jian Council.
  2034 | D:3      | Found a glowing drain.
  2046 | D:3      | Learned a level 1 spell: Magic Dart
  2066 | Sewer    | Entered a sewer
  2341 | Sewer    | Reached XP level 6. HP: 44/44 MP: 14/16
  2768 | D:3      | Found a shimmering altar of Xom.
  2886 | D:3      | Noticed Ijyb
  2897 | D:3      | Killed Ijyb
  3632 | D:4      | Identified the +2 whip of Zago {flame, rF- Will++}
  3773 | D:4      | You are sucked into a shaft and drop 3 floors!
  3792 | D:7      | Noticed a water moccasin
  3792 | D:7      | Noticed a sky beast
  3812 | D:7      | Killed a water moccasin
  3813 | D:7      | Reached XP level 7. HP: 33/51 MP: 16/18
  4214 | D:5      | Entered Level 5 of the Dungeon
  4540 | D:5      | Reached XP level 8. HP: 20/58 MP: 14/19
  4745 | D:5      | Found a sparkling altar of Nemelex Xobeh.
  5831 | D:6      | Noticed Blork the orc
  5836 | D:6      | HP: 2/58 [gnoll/+0 halberd[a gnoll sergeant] (8)]
  5839 | D:5      | Reached skill level 8 in Spellcasting
  6115 | D:6      | Learned a level 3 spell: Dazzling Flash
  6240 | D:6      | Killed Blork the orc
  6509 | D:5      | Reached skill level 5 in Ice Magic
  6936 | D:6      | Reached XP level 9. HP: 55/65 MP: 21/21
  7525 | D:2      | Killed Crazy Yiuf
  8050 | D:7      | Reached skill level 5 in Shields
  8050 | D:7      | Reached skill level 5 in Evocations
  8137 | D:7      | Identified the +2 falchion "Hymat" {heavy, Fly rElec
                  | Stlth-}
  8597 | D:7      | Found a stormy altar of Qazlal.
  8617 | D:7      | Found a white marble altar of Elyvilon.
  9059 | D:7      | Found a glowing golden altar of the Shining One.
  9124 | D:7      | Learned a level 4 spell: Sticky Flame
  9163 | D:8      | Reached skill level 5 in Invocations
  9354 | D:8      | Identified the +1 robe "Irootol" {-Cast rC+ Dex+3}
  9377 | D:8      | Found a staircase to the Lair.
  9409 | D:8      | Identified the +3 short sword of Anger {venom, Fragile
                  | rF+++ rN+ Will+ Dex-4}
  9555 | D:8      | Slain by a yak

Illustrated notes

Levels and vault maps discovered:
D:1:      lemuel_arrival_tunnels, layout_basic, ebering_ecumenical_altar_box
D:2:      layout_loops_cross, serial_forest, infiniplex_forest_clump_C,
          infiniplex_forest_clump_C, infiniplex_forest_join,
          infiniplex_forest_lined_room_2, infiniplex_forest_end_double,
          infiniplex_forest_lined_corner, infiniplex_forest_corner_1,
          infiniplex_forest_clump_small, basic_altar, uniq_crazy_yiuf_cottage
D:3:      layout_loops_ring, xom_butterflies, mainiacjoe_overflow_alcove_4,
          cheibrodos_sewer_entry_drain, uniq_jessica, uniq_ijyb
D:4:      layout_loops_ring
D:5:      minmay_opposing_rooms, layout_gridville, slow_altar_2,
          nemelex_xobeh_ov_fountains_minmay, temple_hall, serial_shops,
          nicolae_shop_crystal, chequers_serial_rivers_micro_e
D:6:      layout_layer_cave, hangedman_decor_points, uniq_blork_the_orc
D:7:      layout_rooms, tso_altar, elyvilon_altar_4,
          nicolae_qazlal_style_of_elements
D:8:      layout_loops_ring, erik_lair_orcish_takeover

Skill      XL: |  1  2  3  4  5  6  7  8  9 |
---------------+----------------------------+-----
Invocations    | 1 2 3 4 5 |  5.2
Fighting       | 1 2 3 4 |  4.7
Short Blades   | 1 2 3 4 |  4.7
Long Blades    | 1 2 3 4 |  4.7
Axes           | 1 2 3 4 |  4.7
Maces & Flails | 1 2 3 4 |  4.7
Polearms       | 1 2 3 4 |  4.7
Staves         | 1 2 3 4 |  4.7
Ranged Weapons | 1 2 3 4 |  4.7
Throwing       | 1 2 3 4 |  4.7
Armour         | 1 2 3 4 |  4.7
Dodging        | 1 2 3 4 |  4.7
Stealth        | 1 2 3 4 |  4.7
Unarmed Combat | 1 2 3 4 |  4.7
Conjurations   | 1 2 3 |  3.9
Hexes          | 1 2 3 |  3.9
Necromancy     | 1 2 3 |  3.9
Translocations | 1 2 3 |  3.9
Transmutations | 1 2 3 |  3.9
Fire Magic     | 1 2 3 |  3.9
Air Magic      | 1 2 3 |  3.9
Earth Magic    | 1 2 3 |  3.9
Poison Magic   | 1 2 3 |  3.9
Shapeshifting  | 1 2 3 |  3.9
Shields        | 3 4 5 |  5.4
Evocations     | 3 4 5 |  5.4
Ice Magic      | 4 5 |  5.5
Summonings     | 6 |  6.8
Spellcasting   | 8 |  8.6

Action                     |  1- 3 |  4- 6 |  7- 9 || total
---------------------------+-------+-------+-------++-------
  Melee: Dagger            |    22 |    26 |       ||    48
         Bite              |     4 |     3 |    13 ||    20
         Whip              |       |    12 |   110 ||   122
         Short sword       |       |       |    21 ||    21
   Cast: Freeze            |    30 |    99 |   150 ||   279
         Magic Dart        |       |    34 |   106 ||   140
  Evoke: Wand              |       |     1 |     4 ||     5
         Piece from Xom's  |       |       |     2 ||     2
    Use: Scroll            |       |       |     5 ||     5
   Stab: Sleeping          |       |     5 |     6 ||    11
 Armour: Robe              |     5 |    18 |    38 ||    61
  Dodge: Dodged            |    21 |    50 |   102 ||   173
  Block: Buckler           |     6 |    25 |    55 ||    86

Table legend: (Time is in decaauts)
 A = Elapsed time spent in this place.
 B = Non-inter-level travel time spent in this place.
 C = Inter-level travel time spent in this place.
 D = Time resting spent in this place.
 E = Time spent auto-exploring this place.
 F = Levels seen in this place.
 G = Mean time per level.
                   A        B        C        D        E       F      G
               +--------+--------+--------+--------+--------+-----+--------+
         Total |   9550 |   9048 |    502 |    466 |   6773 |   9 | 1061.1 |
       Dungeon |   9060 |   8558 |    502 |    466 |   6430 |   8 | 1132.5 |
         Sewer |    489 |    489 |      0 |      0 |    343 |   1 |  489.0 |
               +--------+--------+--------+--------+--------+-----+--------+

Top non-repeatable levels by time:
     D:6: 1901 daAuts
     D:5: 1664 daAuts
     D:2: 1296 daAuts
     D:7: 1190 daAuts
     D:4: 1042 daAuts
     D:3: 860 daAuts
     D:1: 713 daAuts
   Sewer: 489 daAuts
     D:8: 392 daAuts
